 Dungeon Crawl Stone Soup version 0.30-b1-2-g02819fbbbe (webtiles) character file.

Game seed: 1197025564395332195

306 caveywoolpert the Digger (level 6, 0/32 HPs)
             Began as a Gargoyle Earth Elementalist on May 13, 2023.
             Shot with an arrow by a centaur (5 damage)
             ... on level 4 of the Dungeon.
             The game lasted 00:03:49 (2607 turns).

caveywoolpert the Digger (GrEE)                     Turns: 2607, Time: 00:03:50

Health: 0/32       AC:  7    Str: 11    XL:     6   Next: 39%
Magic:  7/11       EV: 11    Int: 18    God:
Gold:   134        SH:  0    Dex: 10    Spells: 8/12 levels left

rFire   . . .        (no weapon)
rCold   . . .        (no shield)
rNeg    + . .        a - +0 robe
rPois   ∞            f - +0 helmet
rElec   +            (no cloak)
rCorr   .            (no gloves)
SInv    .            (no boots)
Will    .....        (no amulet)
Stlth   ++           (no ring)
HPRegen 0.25/turn    (no ring)
MPRegen 0.12/turn

%: no passive effects
@: no status effects
A: sickness immunity, AC +4, negative energy resistance 1, electricity
resistance, torment resistance 1, petrification resistance
a: no special abilities


You were on level 4 of the Dungeon.
You visited 1 branch of the dungeon, and saw 4 of its levels.

You collected 134 gold pieces.

Inventory:

Armour
 a - a +0 robe (worn)
 f - a +0 helmet (worn)
Jewellery
 g - an amulet of faith
Wands
 p - a wand of roots (13)
Scrolls
 h - 2 scrolls of amnesia {unknown}
 i - a scroll of teleportation {unknown}
 j - 3 scrolls of enchant weapon {unknown}
 k - 4 scrolls of identify {unknown}
 l - a scroll of noise {unknown}
 n - a scroll of magic mapping {unknown}
 q - a scroll of blinking {unknown}
Potions
 b - a potion of magic
 c - a potion of lignification {unknown}
 d - a potion of curing {unknown}
 e - 2 potions of flight {unknown}
 m - a potion of berserk rage {unknown}
 o - a potion of might {unknown}


   Skills:
 - Level 1.5 Dodging
 - Level 2.1 Stealth
 + Level 3.9 Spellcasting
 + Level 3.2 Conjurations
 - Level 0.7 Transmutations
 + Level 5.8 Earth Magic


You had 8 spell levels left.
You knew the following spells:

 Your Spells              Type           Power      Damage    Failure   Level
a - Sandblast             Erth           48%        2d12      1%          1
b - Stone Arrow           Conj/Erth      38%        3d9       7%          3

Your spell library contained the following spells:

 Spells                   Type           Power      Damage    Failure   Level
 Passwall                 Tmut/Erth      12%        N/A       6%          2
 Petrify                  Tmut/Erth      15%        N/A       36%         4
 Ozocubu's Armour         Ice            3%         N/A       41%         3
 Ozocubu's Refrigeration  Ice            1%         4d7       100%        7


Dungeon Overview and Level Annotations

Branches:
Dungeon (4/15)
 Temple: D:4-7

Altars:
Trog

Shops:
D:1 !   D:4 =

Annotations:
D:3 Ijyb, Terence


Innate Abilities, Weirdness & Mutations

You are immune to sickness and miasma.
Your stone body is resilient. (AC +4)
You are immune to poison.
You resist negative energy. (rN+)
You are resistant to electric shocks. (rElec)
You are resistant to unholy torment.
You are immune to petrification.


Message History

A centaur comes into view.
The centaur shouts!
Casting: Sandblast (safe; 1% risk of failure)
Confirm with . or Enter, or press ? or * to list all spells.
Aiming: Sandblast (safe; 1% risk of failure)
Press: ? - help, Shift-Dir - straight line, f - giant cockroach
Aim: a giant cockroach (83% to hit)
The blast of sand hits the giant cockroach!
You kill the giant cockroach!
The centaur wields a +0 shortbow.
The centaur shoots an arrow.
The arrow hits you!
The centaur shoots an arrow.
The arrow hits you!
The centaur shoots an arrow.
The arrow hits you.
The centaur shoots an arrow.
The arrow closely misses you.
You start resting.
A centaur is nearby!
Casting: Sandblast (safe; 1% risk of failure)
Confirm with . or Enter, or press ? or * to list all spells.
Aiming: Sandblast (safe; 1% risk of failure)
Press: ? - help, Shift-Dir - straight line, f - centaur
Aim: a centaur, wielding a +0 shortbow (90% to hit)
The blast of sand hits the centaur.
The centaur is moderately wounded.
The centaur shoots an arrow.
The arrow completely misses you.
The centaur shoots an arrow.
The arrow hits you!
* * * LOW HITPOINT WARNING * * *
Casting: Sandblast (safe; 1% risk of failure)
Confirm with . or Enter, or press ? or * to list all spells.
The spell is quite dangerous to miscast (7% risk of failure)!
Continue anyway?
Okay, then.
Unknown command.
Casting: Stone Arrow (quite dangerous; 7% risk of failure)
Confirm with . or Enter, or press ? or * to list all spells.
The spell is quite dangerous to miscast (7% risk of failure)!
Continue anyway?
Aiming: Stone Arrow (quite dangerous; 7% risk of failure)
Press: ? - help, Shift-Dir - straight line, f/p - centaur
Aim: a centaur, wielding a +0 shortbow (moderately wounded, 81% to hit)
The stone arrow hits the centaur!
The centaur is almost dead.
The centaur shoots an arrow.
The arrow hits you.
You die...

...............#♣≈..≈≈≈..≈♣......
...#.######.....♣≈.≈...≈.≈♣######
...#.# #.....♣≈.≈._.≈.≈ ......
...#∩# #.....♣≈.≈...≈.≈ ######
...#.######.####♣≈..≈≈≈..≈♣######
................♣.≈≈≈≈≈≈≈.♣......
..##############♣.........♣......
### #.♣♣♣♣♣♣♣♣♣.####.#
#@.####......# #.#
##.##......#.#...#
##.##....#.#.#.#.#
#.c..........#.#..
#.#########.##.#.# ..# #....#.#
.†.# #.<....# ....# #.......
.c...# #.#...)#


You could see a centaur.

Vanquished Creatures
  Sigmund (D:3)
  8 gnolls
  2 adders (D:2)
  A worm (D:2)
  A dart slug (D:1)
  4 ball pythons
  5 endoplasms
  2 giant cockroaches
  6 hobgoblins (D:1)
  4 quokkas
  3 bats
  2 frilled lizards (D:1)
  12 goblins
  4 kobolds (D:4)
  A rat (D:2)
56 creatures vanquished.

Vanquished Creatures (others)
  8 toadstools (D:3)
8 creatures vanquished.

Grand Total: 64 creatures vanquished

Notes
Turn   | Place    | Note
-------+----------+-------------------------------------------
     0 | D:1      | caveywoolpert the Gargoyle Earth Elementalist began the
                  | quest for the Orb.
     0 | D:1      | Reached XP level 1. HP: 10/10 MP: 3/3
   174 | D:1      | Reached skill level 4 in Earth Magic
   174 | D:1      | Reached XP level 2. HP: 15/15 MP: 1/5
   302 | D:1      | Reached XP level 3. HP: 19/19 MP: 2/6
   306 | D:1      | Learned a level 3 spell: Stone Arrow
   488 | D:1      | Found Bitycaed's Distillery.
  1072 | D:2      | Reached skill level 1 in Conjurations
  1147 | D:2      | Reached XP level 4. HP: 24/24 MP: 6/8
  1498 | D:2      | Reached skill level 5 in Earth Magic
  1749 | D:3      | Noticed Sigmund
  1754 | D:3      | Killed Sigmund
  1755 | D:3      | Reached XP level 5. HP: 21/28 MP: 5/10
  1755 | D:3      | Reached XP level 6. HP: 24/32 MP: 5/11
  1851 | D:3      | Noticed Ijyb
  1858 | D:3      | Noticed Terence
  1877 | D:3      | HP: 1/32 [Ijyb/puff of flame (5)]
  2225 | D:4      | Found a bloodstained altar of Trog.
  2438 | D:4      | Found Wiafimon's Jewellery Boutique.
  2607 | D:4      | Shot with an arrow by a centaur

Illustrated notes

Levels and vault maps discovered:
D:1:      tarquinn_simple_flora_water_f, layout_basic, serial_shops,
          nicolae_shop_pleasant_corner_grove
D:2:      layout_basic
D:3:      cheibrodos_fertilizer, layout_basic, uniq_ijyb,
          uniq_crazy_yiuf_cottage, uniq_sigmund, uniq_terence
D:4:      minmay_opposing_rooms, layout_basic, mainiacjoe_overflow_alcove_1,
          mainiacjoe_overflow_paths, serial_shops, shop, grunt_ministairs_9

Skill      XL: |  1  2  3  4 |
---------------+-------------+-----
Earth Magic    | 4 5 |  5.8
Conjurations   | 1 3 |  3.2
Spellcasting   | 3 |  3.9
Dodging        | |  1.5
Stealth        | |  2.1
Transmutations | |  0.7

Action                     |  1- 3 |  4- 6 || total
---------------------------+-------+-------++-------
  Melee: Unarmed           |     8 |       ||     8
   Cast: Sandblast         |    40 |    53 ||    93
         Stone Arrow       |       |     5 ||     5
 Armour: Robe              |     4 |     7 ||    11
  Dodge: Dodged            |    11 |    16 ||    27
